 Dungeon Crawl Stone Soup version 0.29-a0-360-g8ed1089bbe (webtiles) character file.

Game seed: 561012269344134895

149 Zeldest the Ruffian (level 5, -1/28 HPs)
             Began as a Vine Stalker Fighter on Apr 28, 2022.
             Was a Follower of Ru.
             Slain by Edmund
             ... wielding a +4 dire flail of protection
              (4 damage)
             ... on level 4 of the Dungeon.
             The game lasted 00:03:07 (2841 turns).

Zeldest the Ruffian (Vine Stalker Fighter)          Turns: 2841, Time: 00:03:07

Health: -1/28      AC:  7    Str: 20    XL:     5   Next: 31%
Magic:  0/6        EV:  9    Int:  8    God:    Ru [*.....]
Gold:   217        SH:  4    Dex: 14    Spells: 4/4 levels left

rFire   . . .      SeeInvis .     - Unarmed
rCold   . . .      Faith    .   b - +0 buckler
rNeg    . . .      Spirit   +   a - +0 scale mail
rPois   .          Reflect  .   (no helmet)
rElec   .          Harm     .   c - +0 cloak
rCorr   .          Rampage  .   (no gloves)
Will    +....                   (no boots)
Stlth   ..........              (no amulet)
HPRegen 0.89/turn               n - ring of willpower
MPRegen 0.10/turn               (no ring)

@: mighty, brilliant
A: fangs 2, regeneration 1, magic shield, antimagic bite, no potion heal 2,
unskilled 1
a: Renounce Religion


You were on level 4 of the Dungeon.
You worshipped Ru.
Ru was aware of your devotion.
You visited 1 branch of the dungeon, and saw 4 of its levels.

You collected 217 gold pieces.

Inventory:

Hand Weapons
 p - the +7 spear of the Orcish Mines {vorpal, *Rage rCorr Int+2 Dex+4}
   (You found it on level 3 of the Dungeon)

   It inflicts extra damage upon your enemies.
   Int:       It affects your intelligence (+2).
   Dex:       It affects your dexterity (+4).
   *Rage:     It berserks you when you make melee attacks (+20% chance).
   rCorr:     It protects you from acid and corrosion.
Armour
 a - a +0 scale mail (worn)
 b - a +0 buckler (worn)
 c - a +0 cloak (worn)
Jewellery
 n - a ring of willpower (left hand)
 s - a ring of ice
Scrolls
 d - 6 scrolls of identify {unknown}
 e - a scroll of magic mapping {unknown}
 h - 3 scrolls of teleportation {unknown}
 k - a scroll of amnesia {unknown}
 m - 2 scrolls of torment {unknown}
 o - a scroll of fear {unknown}
 w - a scroll of summoning {unknown}
 x - a scroll of vulnerability {unknown}
Potions
 f - 2 potions of brilliance
 g - a potion of cancellation {unknown}
 i - a potion of ambrosia {unknown}
 j - 2 potions of heal wounds {unknown}
 l - a potion of lignification {unknown}
 q - a potion of curing {unknown}
 r - a potion of haste {unknown}
 t - a potion of flight {unknown}
 u - a potion of invisibility {unknown}


   Skills:
 + Level 3.1 Fighting
 + Level 2.9 Armour
 - Level 2.4 Shields
 * Level 3.6 Unarmed Combat


You had 4 spell levels left.
You didn't know any spells.
Your spell library contained the following spells:

 Spells                   Type           Power      Damage    Failure   Level
 Animate Skeleton         Necr           0%         N/A       86%         1
 Apportation              Tloc           0%         N/A       86%         1
 Summon Small Mammal      Summ           0%         N/A       86%         1
 Scorch                   Fire           0%         2d5       94%         2
 Dazzling Flash           Conj/Hex       0%         N/A       99%         3
 Iskenderun's Mystic Bla  Conj/Tloc      0%         2d3       100%        4
 Irradiate                Conj/Tmut      0%         3d13      100%        5
 Starburst                Conj/Fire      0%         6d3       100%        6
 Chain Lightning          Conj/Air       0%         N/A       100%        9


Dungeon Overview and Level Annotations

Branches:
Dungeon (4/15)
 Temple: D:4-7

Altars:
Gozag
Ru

Shops:
D:1 ((:([

Annotations:
D:4 Edmund


Innate Abilities, Weirdness & Mutations

You have extremely sharp teeth.
Your natural rate of healing is unusually fast.
When hurt, damage is shared between your health and your magic reserves.
Your bite disrupts and absorbs the magic of your enemies.
Potions cannot restore your health.
You are somewhat unskilled. (-1 Apt)


Message History

You see here a +0 dagger.
As you open the door, it creaks loudly!
No target in view!
There is an open door here.
You open the door.
Edmund the Younger comes into view.
He is wielding a +4 dire flail of protection.
Edmund shouts!
Edmund hits you with a +4 dire flail of protection!
There is an open door, spattered with blood here.
Edmund is nearby!
You hit Edmund but do no damage.
Edmund hits you with a +4 dire flail of protection!
Edmund is nearby!
You barely miss Edmund. You bite Edmund. You drain his power.
You feel invigorated.
Edmund is lightly wounded.
You block Edmund's attack.
You hit Edmund but do no damage. You bite Edmund. You drain his power.
Edmund is lightly wounded.
Edmund barely misses you.
You feel very mighty all of a sudden.
Edmund hits you with a +4 dire flail of protection!
* * * LOW HITPOINT WARNING * * *
You aren't carrying any items that you can evoke.
Okay, then.
You barely miss Edmund. Your bite misses Edmund.
Edmund is lightly wounded.
Edmund hits you with a +4 dire flail of protection.
* * * LOW HITPOINT WARNING * * *
You punch Edmund!
Edmund is moderately wounded.
Edmund hits you with a +4 dire flail of protection!
* * * LOW HITPOINT WARNING * * *
It was a potion of brilliance.
You feel clever all of a sudden. Edmund closely misses you.
You hit Edmund but do no damage. Your bite misses Edmund.
Edmund is moderately wounded.
Edmund hits you with a +4 dire flail of protection.
You die...

###### #
########....############
......@@....'...........
###.####....##.#########
#....##.# #
#######+#########
......†.. .........
......... .........
.........


You could see Edmund.

Vanquished Creatures
  Crazy Yiuf (D:2)
  An iguana (D:4)
  3 adders
  2 worms (D:2)
  4 orcs
  4 ball pythons
  4 endoplasms
  2 giant cockroaches
  5 goblins
  6 hobgoblins
  6 jackals (D:2)
  A quokka (D:1)
  5 bats
  4 frilled lizards
  7 kobolds
  6 rats
61 creatures vanquished.

Vanquished Creatures (others)
  A plant (D:1)
1 creature vanquished.

Grand Total: 62 creatures vanquished

Notes
Turn   | Place    | Note
-------+----------+-------------------------------------------
     0 | D:1      | Zeldest the Vine Stalker Fighter began the quest for the
                  | Orb.
     0 | D:1      | Reached XP level 1. HP: 11/11 MP: 2/2
   112 | D:1      | Found Leacal's Antique Weapon Boutique.
   114 | D:1      | Found Wutsac's Antique Weapon Boutique.
   126 | D:1      | Found Giziwawk's Book Shop.
   169 | D:1      | Found a faded altar of an unknown god.
   201 | D:1      | Found Evvilibu's Antique Weapon Shop.
   382 | D:1      | Found Usetzan's Armour Boutique.
   713 | D:1      | Prayed at the altar of an unknown god.
   713 | D:1      | Became a worshipper of Ru the Awakened
   728 | D:1      | Gained mutation: You are somewhat unskilled. (-1 Apt) [Ru
                  | sacrifice]
   728 | D:1      | Reached * piety under Ru
   814 | D:2      | Reached XP level 2. HP: 9/16 MP: 1/3
  1116 | D:2      | Reached XP level 3. HP: 12/19 MP: 2/4
  1409 | D:2      | Found a runed translucent door.
  1410 | D:2      | Noticed Crazy Yiuf
  1994 | D:2      | Killed Crazy Yiuf
  1995 | D:2      | Gained mutation: Your natural rate of healing is unusually
                  | fast. [Vine Stalker growth]
  1995 | D:2      | Reached XP level 4. HP: 16/23 MP: 2/5
  2090 | D:3      | Identified the +7 spear of the Orcish Mines {vorpal, *Rage
                  | rCorr Int+2 Dex+4}
  2652 | D:4      | Got the Catalogue of Torrid Conjuration
  2701 | D:4      | Found an opulent altar of Gozag.
  2718 | D:4      | Reached XP level 5. HP: 25/28 MP: 6/6
  2832 | D:4      | Noticed Edmund
  2839 | D:4      | HP: 1/28 [Edmund/+4 dire flail of protection (6)]
  2841 | D:4      | Slain by Edmund

Illustrated notes

Levels and vault maps discovered:
D:1:      minmay_arrival_stair_chambers, layout_loops_ring,
          shapermc_ecumenical_altar_ellora, serial_shops,
          nicolae_shop_advertising_works [nicolae_subvault_shop_adworks], shop,
          nicolae_shop_trees, nicolae_shop_trees, shop
D:2:      layout_loops_ring, uniq_crazy_yiuf_cottage
D:3:      layout_basic
D:4:      layout_basic, nemelex_diamond_rough_becter, amcnicky_altar_gilded,
          nicolae_overflow_crystal_walls, uniq_menkaure, uniq_blork_the_orc,
          uniq_edmund

Skill      XL: |  1  2  3  4 |
---------------+-------------+-----
Unarmed Combat | 3 |  3.6
Fighting       | 3 |  3.1
Armour         | |  2.9
Shields        | |  2.4

Action                   |  1- 3 |  4- 6 || total
-------------------------+-------+-------++-------
Melee: Unarmed           |   132 |    82 ||   214
       Bite              |    32 |    13 ||    45
Invok: Sacrifice Skill   |     1 |       ||     1
  Use: Potion            |     1 |     2 ||     3
Armor: Scale mail        |    53 |    34 ||    87
Dodge: Dodged            |    45 |    41 ||    86
Block: Buckler           |    29 |    20 ||    49

Table legend: (Time is in decaauts)
 A = Elapsed time spent in this place.
 B = Non-inter-level travel time spent in this place.
 C = Inter-level travel time spent in this place.
 D = Time resting spent in this place.
 E = Time spent auto-exploring this place.
 F = Levels seen in this place.
 G = Mean time per level.
                   A        B        C        D        E       F      G
               +--------+--------+--------+--------+--------+-----+--------+
         Total |   2839 |   2725 |    114 |    478 |   1791 |   4 |  709.8 |
       Dungeon |   2839 |   2725 |    114 |    478 |   1791 |   4 |  709.8 |
               +--------+--------+--------+--------+--------+-----+--------+

Top non-repeatable levels by time:
     D:2: 1245 daAuts
     D:1: 778 daAuts
     D:3: 583 daAuts
     D:4: 232 daAuts
